 Dungeon Crawl Stone Soup version 0.30-a0-359-gd0147acb1a (webtiles) character file.

Game seed: 2715245706720654800

1877 mcwallace the Changer (level 9, 0/59 HPs)
             Began as an Octopode Transmuter on Nov 13, 2022.
             Was a Believer of Cheibriados.
             Slain by a killer bee (8 damage)
             ... on level 7 of the Dungeon.
             The game lasted 00:21:14 (5477 turns).

mcwallace the Changer (Octopode Transmuter)         Turns: 5477, Time: 00:21:14

Health: 0/59       AC:  1    Str: 16    XL:     9   Next: 14%
Magic:  15/17      EV: 15    Int: 31    God:    Cheibriados [**....]
Gold:   336        SH:  0    Dex: 18    Spells: 16/19 levels left

rFire   + . .      SeeInvis +    l - +11 spear of Doom {freeze, Str+2 Int+7, polearm}
rCold   . . .      Faith    .    D - orb {light}
rNeg    . . .      Spirit   .    (helmet restricted)
rPois   .          Reflect  .    u - amulet of the acrobat
rElec   .          Harm     .    p - ring of protection from fire
rCorr   .          Rampage  .    x - ring of see invisible
Will    .....                    (no ring)
Stlth   +.........               (no ring)
HPRegen 0.29/turn                (no ring)
MPRegen 0.15/turn                (no ring)
                                 (no ring)
                                 (no ring)

@: wereblooded, glowing, very slow
A: almost no armour, amphibious, 8 rings, camouflage 1, gelatinous body 1,
(nimble swimmer 1), tentacles
a: Renounce Religion, Bend Time


You were on level 7 of the Dungeon.
You worshipped Cheibriados.
Cheibriados was pleased with you.
You visited 2 branches of the dungeon, and saw 8 of its levels.

You collected 384 gold pieces.
You spent 48 gold pieces at shops.


Innate Abilities, Weirdness & Mutations

You cannot wear most types of armour.
You are amphibious.
You can wear up to eight rings at the same time.
Your skin changes colour to match your surroundings (Stealth+).
Your rubbery body absorbs attacks. (AC +1, EV +1)
((You are camouflaged when in or above water. (Stealth+)))
You have tentacles for arms and can constrict up to eight enemies at once.


   Skills:
 + Level 4.4 Fighting
 + Level 4.8 Dodging
 - Level 3.2 Unarmed Combat
 + Level 5.5 Spellcasting
 + Level 6.0 Transmutations
 + Level 2.3 Invocations
 + Level 4.6 Evocations


You had 16 spell levels left.
You knew the following spells:

 Your Spells              Type           Power      Damage    Failure   Level
a - Beastly Appendage     Tmut           92%        N/A       1%          1
b - Wereblood             Tmut           46%        N/A       1%          2

Your spell library contained the following spells:

 Spells                   Type           Power      Damage    Failure   Level
 Spider Form              Tmut/Pois      27%        N/A       4%          3
 Ice Form                 Ice/Tmut       27%        N/A       16%         4

Inventory:

Hand Weapons
 l - the +11 spear of Doom (weapon) {freeze, Str+2 Int+7, polearm}
   (You found it on level 2 of the Dungeon)

   It freezes those it strikes, dealing additional cold damage.
   It can also slow down cold-blooded creatures.
   Str:       It affects your strength (+2).
   Int:       It affects your intelligence (+7).
Missiles
 h - 31 stones {throwing}
 i - 5 poisoned darts {throwing}
 m - 4 boomerangs {throwing}
 C - 2 javelins {throwing}
Armour
 D - an orb of light (worn)
   (You found it on level 5 of the Dungeon)
Jewellery
 g - an amulet of faith {!P}
   (You found it on level 1 of the Dungeon)
 p - a ring of protection from fire (left tentacle)
   (You found it on level 3 of the Dungeon)
 u - an amulet of the acrobat (around mantle)
   (You found it on level 4 of the Dungeon)
 v - a ring of ice
   (You took it off an orc on level 4 of the Dungeon)
 x - a ring of see invisible (right tentacle)
   (You found it on level 6 of the Dungeon)
 F - a ring of poison resistance
   (You took it off an orc on level 6 of the Dungeon)
Wands
 w - a wand of paralysis (9)
   (You found it on level 4 of the Dungeon)
 A - a wand of quicksilver (9)
   (You found it on level 4 of the Dungeon)
Scrolls
 b - 3 scrolls of fear
 e - 6 scrolls of enchant armour
 k - 4 scrolls of noise {!r}
 o - a scroll of butterflies {unknown}
 q - a scroll of vulnerability {!r!r}
 s - 2 scrolls of silence {!r}
 t - a scroll of torment {unknown}
 y - 2 scrolls of poison {!r}
 B - a scroll of enchant weapon {unknown}
 E - 3 scrolls of immolation {unknown}
Potions
 a - 5 potions of curing {@q1}
 c - 7 potions of mutation {!q}
 d - a potion of experience
 f - 2 potions of berserk rage {!q}
 j - a potion of haste {unknown}
 n - 2 potions of might
 r - 4 potions of flight
 z - a potion of degeneration {unknown}

Dungeon Overview and Level Annotations

Branches:
Dungeon (7/15) Zot: 40446  Temple (1/1) D:4 Zot: 8376

Altars:
Ashenzari
Cheibriados
Dithmenos
Elyvilon
Fedhas
Gozag
Hepliaklqana
Kikubaaqudgha
Makhleb
Nemelex Xobeh
Okawaru
Qazlal
Ru
Sif Muna
Trog
Uskayaw
Vehumet
Xom
Yredelemnul
Zin
The Shining One

Shops:
D:6 ?

Annotations:
D:4 3 runed translucent doors, Pooter's ghost, amateur MiBe

...# #### ...#
..##...###
#.#......#
!#####.#<...#
...........##
.##.#..#.### #
..##.#..#y####.#.###
.......).yy@........
.....#.#########...#
..##.#. . . .. . ...
#.## #. #.


You could see 3 killer bees.


Message History

Cheibriados appreciates the change of pace. 😎 MP[+1]
Your mp is fully restored (17).
You puncture the gnoll! You freeze the gnoll. You grab the gnoll.
You squeeze the gnoll.
You kill the gnoll!
Cheibriados thoroughly appreciates the change of pace.
Cheibriados raises the support of your attributes as your movement slows.
You puncture the gnoll! You freeze the gnoll. You grab the gnoll.
You constrict the gnoll.
You kill the gnoll!
Cheibriados appreciates the change of pace.
You reach to attack!
You completely miss the gnoll.
The gnoll hits you from afar with a +0 halberd! 😕 HP[-8]
You take 8 damage, and now have 51/59 hp.
You reach to attack!
You puncture the gnoll! You freeze the gnoll!
You kill the gnoll!
Cheibriados thoroughly appreciates the change of pace.
You howl as the wereblood boils in your veins!
You hear a shout!
Items here: ( ))) ††.
Things that are here:
a +0 halberd {polearm}; a +0 club {mace}; a gnoll corpse 😕 HP[+1]
Your primal bloodlust is almost over.
The gnoll sergeant misses you. 😕 HP[+1]
You hit the gnoll sergeant. You freeze the gnoll sergeant.
You grab the gnoll sergeant.
You constrict the gnoll sergeant, but do no damage.
The gnoll sergeant hits you with a +0 trident! 😮 HP[-17]
You take 17 damage, and now have 36/59 hp.
MASSIVE DAMAGE!! (PAUSE)
You puncture the gnoll sergeant! You freeze the gnoll sergeant.
You constrict the gnoll sergeant, but do no damage.
The gnoll sergeant hits you with a +0 trident!
* * * LOW HITPOINT WARNING * * *
😨 HP[-17]
You take 17 damage, and now have 19/59 hp.
MASSIVE DAMAGE!! (PAUSE)
You puncture the gnoll sergeant! You freeze the gnoll sergeant.
You feel a bit better.
You kill the gnoll sergeant!
Cheibriados appreciates the change of pace. 😨 HP[+4]
You regained 4 hp, and now have 23/59 hp.
Your primal bloodlust has ended.
Things that are here:
a +0 trident {polearm}; a +0 scale mail 😨 HP[+1] 😨 HP[+1]
A killer bee comes into view. 😨 HP[+1]
A killer bee comes into view.
The killer bee buzzes angrily. x2; You hear an angry buzzing noise.
A killer bee comes into view.
The killer bee misses you. The killer bee barely misses you.
The killer bee misses you.
The killer bee completely misses you. 😨 HP[+1]
The killer bee closely misses you. The killer bee stings you!
* * * LOW HITPOINT WARNING * * *
The killer bee completely misses you. The killer bee closely misses you.
The killer bee misses you. x2
The killer bee completely misses you. The killer bee misses you.
The killer bee completely misses you. x2; The killer bee closely misses you.
The killer bee completely misses you. The killer bee completely misses you.
The killer bee misses you. x2
The killer bee completely misses you. The killer bee stings you!
* * * LOW HITPOINT WARNING * * *
The killer bee completely misses you.
The killer bee misses you. x2; The killer bee closely misses you.
The killer bee completely misses you. x2; The killer bee misses you. 😱 HP[-16]
You take 16 damage, and now have 11/59 hp.
MASSIVE DAMAGE!! (PAUSE)
The killer bee misses you. The killer bee closely misses you.
The killer bee completely misses you. x2; The killer bee misses you.
The killer bee closely misses you.
The killer bee completely misses you. 😱 HP[+1]
The killer bee completely misses you. The killer bee barely misses you.
The killer bee closely misses you.
The killer bee completely misses you. x2
Things that are here:
a +0 halberd {polearm}; a +0 club {mace}; a gnoll corpse You hear the faint creaking of a portcullis nearby.
The killer bee misses you. The killer bee stings you.
* * * LOW HITPOINT WARNING * * *
Items here: ( ))) ††. 😱 HP[-5]
You take 5 damage, and now have 7/59 hp.
Casting: Wereblood (safe; 1% risk of failure)
Confirm with . or Enter, or press ? or * to list all spells.
Your blood is infused with primal strength.
The killer bee barely misses you.
The killer bee misses you. 😱 HP[+1] MP[-2]
You lost 2 mp, and now have 15/17 mp.
You hit the killer bee. You freeze the killer bee. You grab the killer bee.
You constrict the killer bee. The killer bee stings you!
You die...

Skill      XL: |  1  2  3  4  5  6  7  8  9 |
---------------+----------------------------+-----
Transmutations | 3 4 5 6 |  6.0
Spellcasting   | 3 4 5 |  5.5
Evocations     | 1 3 4 |  4.6
Fighting       | 2 3 4 |  4.4
Dodging        | 3 4 |  4.8
Invocations    | 2 |  2.3
Unarmed Combat | |  3.2

Action                   |  1- 3 |  4- 6 |  7- 9 || total
-------------------------+-------+-------+-------++-------
Melee: Unarmed           |    41 |       |       ||    41
       Constrict         |    12 |    11 |    14 ||    37
       Tentacles         |     8 |     5 |    16 ||    29
       Kick              |     5 |     2 |     3 ||    10
       Spear             |    12 |    78 |   100 ||   190
       Punch             |       |       |     2 ||     2
Throw: Javelin           |       |       |     2 ||     2
 Cast: Beastly Appendage |     6 |     5 |     1 ||    12
       Wereblood         |     5 |    10 |    14 ||    29
Evoke: Wand              |       |       |     6 ||     6
  Use: Potion            |     1 |       |       ||     1
       Scroll            |       |     6 |     6 ||    12
 Stab: Sleeping          |     5 |     1 |     2 ||     8
       Distracted        |       |     1 |       ||     1
Armor: Skin              |     6 |     2 |       ||     8
Dodge: Dodged            |    34 |    37 |    80 ||   151

Levels and vault maps discovered:
D:1:      mrwooster_arrival_arrow, layout_rooms, serial_shops,
          nicolae_square_shop, hellmonk_ecumenical_altar_zigzags
D:2:      cheibrodos_old_hovel, layout_rooms
D:3:      cheibrodos_greedy_goblins, layout_basic,
          nicolae_concentric_dashed_squares_mild, grunt_decor_arrowhead
D:4:      minmay_bubble_buster, layout_loops_corners,
          minmay_temple_entry_gardened_gates, gammafunk_ghost_necromancy,
          nicolae_elevator_lobby_asterisk
D:5:      nicolae_cairo_tiling_very_big, layout_rooms, uniq_prince_ribbit1
D:6:      layout_gridville, serial_shops, shop_scrolls,
          minmay_gold_behind_fungi, minivault_27
D:7:      layout_loops_cross, nicolae_wu_jian_wuxing_cycle, enter_bailey_5,
          serial_shops, nicolae_diamond_shop, minmay_misc_feat_plants
Temple:   mainiacjoe_temple_trianglar_array

Notes
Turn   | Place    | Note
-------+----------+-------------------------------------------
     0 | D:1      | mcwallace the Octopode Transmuter began the quest for the
                  | Orb.
     0 | D:1      | Reached XP level 1. HP: 13/13 MP: 3/3
     0 | D:1      | magus.rc [v1.9.6]
    26 | D:1      | Found Hiesti's Antique Armour Emporium.
   128 | D:1      | Found a faded altar of an unknown god.
   192 | D:1      | Reached XP level 2. HP: 14/18 MP: 5/5
   548 | D:1      | HP: 4/18 [kobold/+0 short sword (1)]
   720 | D:2      | Reached XP level 3. HP: 23/23 MP: 4/6
   863 | D:2      | Identified the +11 spear of Doom {freeze, Str+2 Int+7}
   869 | D:2      | Learned a level 2 spell: Wereblood
  1151 | D:3      | Reached XP level 4. HP: 28/28 MP: 5/8
  1282 | D:3      | Reached skill level 3 in Transmutations
  1313 | D:3      | Reached skill level 3 in Spellcasting
  1689 | D:3      | Reached XP level 5. HP: 33/33 MP: 4/9
  1939 | D:4      | Reached skill level 4 in Transmutations
  2050 | D:4      | Reached XP level 6. HP: 38/38 MP: 11/11
  2293 | D:4      | Reached skill level 1 in Evocations
  2329 | D:4      | Found a staircase to the Ecumenical Temple.
  2336 | Temple   | Entered the Ecumenical Temple
  2732 | Temple   | Became a worshipper of Cheibriados the Contemplative
  3011 | D:4      | Found a runed translucent gate.
  3012 | D:4      | Found a runed translucent gate.
  3014 | D:4      | Found a runed translucent gate.
  3018 | D:4      | Reached skill level 4 in Spellcasting
  3033 | D:4      | Noticed Pooter's ghost (amateur MiBe)
  3303 | D:5      | Entered Level 5 of the Dungeon
  3313 | D:5      | Reached skill level 2 in Fighting
  3336 | D:5      | Noticed Prince Ribbit
  3701 | D:5      | Reached XP level 7. HP: 45/45 MP: 11/13
  3704 | D:5      | Reached skill level 3 in Dodging
  3704 | D:5      | Reached skill level 2 in Evocations
  4020 | D:5      | Killed Prince Ribbit
  4021 | D:5      | Reached skill level 3 in Fighting
  4021 | D:5      | Reached skill level 5 in Transmutations
  4021 | D:5      | Reached skill level 3 in Evocations
  4232 | D:6      | Reached XP level 8. HP: 51/52 MP: 12/15
  4233 | D:6      | Reached * piety under Cheibriados
  4337 | D:6      | Identified a potion of experience
  4376 | D:6      | Reached skill level 4 in Dodging
  4383 | D:6      | Reached skill level 5 in Spellcasting
  4585 | D:6      | Reached skill level 1 in Invocations
  4585 | D:6      | Reached skill level 4 in Evocations
  4630 | D:6      | Reached skill level 4 in Fighting
  4947 | D:6      | Reached ** piety under Cheibriados
  5203 | D:6      | Reached skill level 2 in Invocations
  5203 | D:6      | Reached XP level 9. HP: 53/58 MP: 17/17
  5229 | D:6      | Reached skill level 6 in Transmutations
  5241 | D:6      | Found Ycrogeis's Magic Scroll Shop.
  5249 | D:6      | Bought a scroll of identify for 24 gold pieces
  5249 | D:6      | Bought a scroll of identify for 24 gold pieces
  5470 | D:7      | HP: 10/59 [killer bee (9)]
  5475 | D:7      | HP: 7/59 [killer bee (5)]
  5477 | D:7      | Slain by a killer bee

Vanquished Creatures
  Prince Ribbit (D:5)
  A sky beast (D:6)
  An orc warrior (D:6)
  2 ogres
  2 phantoms (D:6)
  2 necrophages
  A gnoll sergeant (D:7)
  3 wights (D:6)
  A howler monkey (D:4)
  3 hounds
  4 orc priests
  2 gnoll boudas (D:6)
  4 iguanas
  3 orc wizards
  19 gnolls
  6 adders
  2 shadow imps (D:5)
  A white imp (D:6)
  A worm (D:2)
  2 dart slugs (D:4)
  15 orcs
  8 ball pythons
  3 bats
  4 endoplasms
  A giant cockroach (D:2)
  7 goblins
  9 hobgoblins
  10 kobolds
  3 quokkas
  4 frilled lizards
  3 rats (D:2)
128 creatures vanquished.

Vanquished Creatures (others)
  A hobgoblin (D:3)
  6 fungi (D:6)
  8 plants
  5 toadstools (D:6)
20 creatures vanquished.

Grand Total: 148 creatures vanquished

Table legend:
 A = Non-vault XP
 B = Vault XP
 C = Vault XP percentage of total XP
 D = Non-vault monster count
 E = Vault monster count
 F = Vault count percentage of total count
                 A         B        C        D         E       F
            +---------+---------+-------+---------+---------+-------
      Total |    2261 |     421 |  15.7 |     106 |      22 |  17.2
            +---------+---------+-------+---------+---------+-------
        D:1 |      31 |       0 |   0.0 |      13 |       0 |   0.0
        D:2 |      44 |       2 |   4.3 |      13 |       1 |   7.1
        D:3 |      84 |      14 |  14.3 |      19 |       7 |  26.9
        D:4 |     216 |     122 |  36.1 |      12 |      13 |  52.0
        D:5 |     398 |     283 |  41.6 |      11 |       1 |   8.3
        D:6 |    1333 |       0 |   0.0 |      32 |       0 |   0.0
        D:7 |     155 |       0 |   0.0 |       6 |       0 |   0.0
            +---------+---------+-------+---------+---------+-------

Illustrated notes

Table legend:
 A = Kills in this place as a percentage of kills in entire the game.
 B = Kills by you in this place as a percentage of kills by you in the entire game.
 C = Kills by friends in this place as a percentage of kills by friends in the entire game.
 D = Other kills in this place as a percentage of other kills in the entire game.
 E = Experience gained in this place as a percentage of experience gained in the entire game.
 F = Experience gained in this place divided by the number of levels of this place that you have seen.
                   A       B       C       D       E      F
               +-------+-------+-------+-------+-------+----------------------
         Total | 100.0 | 100.0 |   N/A |   N/A | 100.0 | 335.2
       Dungeon | 100.0 | 100.0 |   N/A |   N/A | 100.0 | 383.1
               +-------+-------+-------+-------+-------+----------------------

Table legend: (Time is in decaauts)
 A = Elapsed time spent in this place.
 B = Non-inter-level travel time spent in this place.
 C = Inter-level travel time spent in this place.
 D = Time resting spent in this place.
 E = Time spent auto-exploring this place.
 F = Levels seen in this place.
 G = Mean time per level.
                   A        B        C        D        E       F      G
               +--------+--------+--------+--------+--------+-----+--------+
         Total |   6204 |   5572 |    632 |     79 |   4012 |   8 |  775.5 |
       Dungeon |   5779 |   5171 |    608 |     79 |   3645 |   7 |  825.6 |
        Temple |    425 |    401 |     24 |      0 |    367 |   1 |  425.0 |
               +--------+--------+--------+--------+--------+-----+--------+

Top non-repeatable levels by time:
     D:4: 1636 daAuts
     D:6: 1553 daAuts
     D:5: 762 daAuts
     D:3: 686 daAuts
     D:1: 628 daAuts
     D:2: 459 daAuts
  Temple: 425 daAuts
     D:7: 52 daAuts
